 Dungeon Crawl Stone Soup version 0.30.1-11-g7821555f0a (webtiles) character file.

Game seed: 12667052130862308575

1243 Glitchless the Ruffian (level 8, -1/78 HPs)
             Began as a Troll Berserker on Dec 9, 2023.
             Was a Priest of Trog.
             Slain by a black bear (4 damage)
             ... on level 7 of the Dungeon.
             The game lasted 00:13:47 (3816 turns).

Glitchless the Ruffian (Troll Berserker)            Turns: 3816, Time: 00:13:49

Health: -1/78      AC:  6    Str: 31    XL:     8   Next: 25%
Magic:  7/7        EV: 10    Int:  5    God:    Trog [***...]
Gold:   163        SH:  0    Dex:  9    Spells: 7/7 levels left

rFire   . . .        c - +7 spear "Renij" {flame, Str+3 Int+2}
rCold   + . .        (no shield)
rNeg    . . .        p - +2 robe {Will+}
rPois   .            (helmet restricted)
rElec   .            (no cloak)
rCorr   .            (gloves unavailable)
SInv    .            (boots unavailable)
Will    +++..        (no amulet)
Stlth   +            d - ring of protection from cold
HPRegen 2.13/turn    (no ring)
MPRegen 0.10/turn

%: no passive effects
@: strong-willed, regenerating
A: large, unfitting armour, claws 3, regeneration 1, shaggy fur 1, tough skin 1
a: Renounce Religion, Berserk, Trog's Hand


You were on level 7 of the Dungeon.
You worshipped Trog.
Trog was most pleased with you.
You visited 1 branch of the dungeon, and saw 7 of its levels.

You collected 319 gold pieces.
You spent 156 gold pieces at shops.

Inventory:

Hand Weapons
 c - the +7 spear "Renij" (weapon) {flame, Str+3 Int+2}
   (You found it on level 3 of the Dungeon)

   Str:       It affects your strength (+3).
   Int:       It affects your intelligence (+2).
 n - a +2 antimagic long sword
Missiles
 f - 8 poisoned darts (quivered)
 l - 2 throwing nets
Armour
 a - a +1 animal skin
 p - a +2 robe of willpower (worn)
Jewellery
 d - a ring of protection from cold (left claw)
Scrolls
 b - 2 scrolls of teleportation
 e - a scroll of blinking
 g - a scroll of fog {unknown}
Potions
 h - 3 potions of curing
 i - 2 potions of resistance
 j - 2 potions of lignification
 k - a potion of heal wounds {unknown}
 m - a potion of might {unknown}


   Skills:
 * Level 4.1 Fighting
 * Level 4.1 Polearms
 * Level 2.5 Throwing
 * Level 4.4 Dodging
 * Level 5.7 Unarmed Combat


You had 7 spell levels left.
You didn't know any spells.
Your spell library contained the following spells:

 Spells                   Type           Power      Damage    Failure   Level
 Apportation              Tloc           0%         N/A       47%         1
 Necrotise                Necr           0%         1d4       47%         1
 Sting                    Tmut/Pois      0%         1d3       47%         1
 Summon Small Mammal      Summ           0%         N/A       47%         1
 Poisonous Vapours        Pois/Air       0%         N/A       63%         2
 Ozocubu's Armour         Ice            0%         N/A       85%         3
 Vampiric Draining        Necr           0%         2d6       85%         3
 Olgreb's Toxic Radiance  Pois           0%         N/A       99%         4
 Agony                    Necr           0%         N/A       100%        5
 Ozocubu's Refrigeration  Ice            0%         4d7       100%        7


Dungeon Overview and Level Annotations

Branches:
Dungeon (7/15)             Temple (0/1) D:4

Altars:
Trog

Shops:
D:3 **(?


Innate Abilities, Weirdness & Mutations

You are too large for most types of armour.
You have claws for hands.
Your natural rate of healing is unusually fast.
You are covered in fur. (AC +1)
You have tough skin. (AC +1)


Message History

The black bear attacks as you move away!
The black bear closely misses you. The black bear claws you.
* * * LOW HITPOINT WARNING * * *
The black bear claws you.
* * * LOW HITPOINT WARNING * * *
The black bear barely misses you. The black bear closely misses you.
The black bear claws you but does no damage.
The kobold attacks as you move away! The kobold hits you with a +0 dagger.
* * * LOW HITPOINT WARNING * * *
The sky beast attacks as you move away!
The sky beast hits you but does no damage.
Found a scale mail.
Found an escape hatch in the ceiling.
The kobold attacks as you move away! The kobold closely misses you.
The black bear closely misses you. The black bear barely misses you.
The black bear claws you.
* * * LOW HITPOINT WARNING * * *
The kobold attacks as you move away! The kobold hits you but does no damage.
The black bear attacks as you move away!
The black bear misses you. The black bear claws you.
* * * LOW HITPOINT WARNING * * *
The black bear claws you.
* * * LOW HITPOINT WARNING * * *
There is a stone staircase leading down here.
The black bear bites you.
* * * LOW HITPOINT WARNING * * *
The black bear claws you but does no damage. x2
The kobold hits you but does no damage. x2
The black bear bites you but does no damage.
The black bear claws you but does no damage.
The black bear barely misses you.
You climb downwards.
There is a stone staircase leading up here.
Your skin crawls.
You feel strong-willed. The kobold hits you but does no damage.
The kobold closely misses you.
The black bear bites you but does no damage.
The black bear claws you.
* * * LOW HITPOINT WARNING * * *
The black bear claws you.
You die...

#. #. #. #. #
#.
#.##.########
#.....K.....#
#...h@......#
#....K......#
#...........#
#.....^..####
#........#
#........#
#....#####
#####


You could see a black bear (berserk) and 2 kobolds.

Vanquished Creatures
  Sigmund (D:5)
  2 black bears
  An ogre (D:5)
  A kobold brigand (D:5)
  Blork the orc (D:5)
  4 scorpions
  3 hounds
  2 orc wizards
  7 adders
  12 gnolls
  A shadow imp (D:5)
  4 worms
  6 dart slugs
  10 orcs
  8 ball pythons
  3 endoplasms
  4 giant cockroaches
  13 goblins
  5 hobgoblins
  10 jackals
  5 kobolds
  A quokka (D:3)
  6 bats
  4 frilled lizards
  6 rats
120 creatures vanquished.

Notes
Turn   | Place    | Note
-------+----------+-------------------------------------------
     0 | D:1      | Glitchless the Troll Berserker began the quest for the Orb.
     0 | D:1      | Reached XP level 1. HP: 22/22 MP: 0/0
    97 | D:1      | Reached XP level 2. HP: 29/29 MP: 1/1
   508 | D:2      | Reached XP level 3. HP: 36/36 MP: 2/2
   610 | D:2      | Found a bloodstained altar of Trog.
   619 | D:2      | Reached ** piety under Trog
   752 | D:2      | Reached skill level 4 in Unarmed Combat
   752 | D:2      | Reached XP level 4. HP: 44/44 MP: 3/3
  1317 | D:3      | Found Orabb's Antique Weapon Shoppe.
  1328 | D:3      | Found Meogemau's Antique Weapon Boutique.
  1650 | D:3      | Reached skill level 1 in Throwing
  1650 | D:3      | Reached XP level 5. HP: 49/53 MP: 4/4
  1667 | D:3      | Identified the +7 spear "Renij" {flame, Str+3 Int+2}
  1669 | D:3      | Found Vafrol's General Store.
  1675 | D:3      | Bought a scroll of identify for 26 gold pieces
  1718 | D:3      | Found Lith's Magic Scroll Shop.
  1724 | D:3      | Bought a scroll of identify for 26 gold pieces
  1724 | D:3      | Bought a scroll of identify for 26 gold pieces
  1724 | D:3      | Bought a scroll of identify for 26 gold pieces
  1724 | D:3      | Bought a scroll of vulnerability for 52 gold pieces
  1826 | D:3      | Found Repruf's General Store.
  2028 | D:4      | Reached *** piety under Trog
  2108 | D:4      | Found a staircase to the Ecumenical Temple.
  2167 | D:4      | Reached skill level 5 in Unarmed Combat
  2215 | D:4      | Reached XP level 6. HP: 35/61 MP: 5/5
  2278 | D:4      | Reached skill level 1 in Polearms
  2735 | D:5      | Entered Level 5 of the Dungeon
  2744 | D:5      | Reached XP level 7. HP: 62/67 MP: 6/6
  2806 | D:5      | Noticed Blork the orc
  2816 | D:5      | Killed Blork the orc
  3146 | D:5      | Noticed Sigmund
  3183 | D:5      | Killed Sigmund
  3273 | D:5      | Reached XP level 8. HP: 67/78 MP: 7/7
  3816 | D:7      | HP: 3/78 [black bear (5)]
  3816 | D:7      | Slain by a black bear

Illustrated notes

Levels and vault maps discovered:
D:1:      scummos_arrival_simple_fountains, layout_basic
D:2:      layout_basic, basic_altar, kennysheep_doodads
D:3:      layout_loops_cross, serial_shops, nicolae_shop_statue_plus, shop,
          shop, nicolae_shop_pleasant_corner_grove, shop, grunt_ministairs_13
D:4:      layout_rooms, minmay_temple_entry_gardened_gates
D:5:      layout_loops_ring, uniq_sigmund, uniq_blork_the_orc
D:6:      layout_cave_pools, nrook_mini_vaults, uniq_crazy_yiuf_cottage
D:7:      layout_basic

Skill      XL: |  1  2  3  4  5  6  7  8 |
---------------+-------------------------+-----
Unarmed Combat | 4 5 |  5.7
Fighting       | 3 4 |  4.1
Dodging        | 3 4 |  4.4
Throwing       | 1 2 |  2.5
Polearms       | 2 3 4 |  4.1

Action                     |  1- 3 |  4- 6 |  7- 9 || total
---------------------------+-------+-------+-------++-------
  Melee: Unarmed           |    93 |    67 |       ||   160
         Spear             |       |    94 |    72 ||   166
         Punch             |       |     1 |       ||     1
  Throw: Dart              |       |     1 |       ||     1
 Invoke: Berserk           |       |       |     1 ||     1
         Trog's Hand       |       |       |     1 ||     1
    Use: Scroll            |       |     9 |     2 ||    11
   Stab: Sleeping          |     1 |       |       ||     1
 Armour: Animal skin       |    38 |    44 |       ||    82
         Robe              |       |       |    44 ||    44
  Dodge: Dodged            |    53 |    73 |    52 ||   178
